 Dungeon Crawl Stone Soup version 0.29.1-12-g30fa7ad0bf (webtiles) character file.

Game seed: 13993485784427199836

784 unlimited1921 the Magician (level 8, -2/52 HPs)
             Began as a Djinni Fire Elementalist on Jan 15, 2023.
             Killed from afar by an oklob sapling (23 damage)
             ... with a splash of acid
             ... on level 6 of the Dungeon.
             The game lasted 00:18:11 (11155 turns).

unlimited1921 the Magician (DjFE)                  Turns: 11155, Time: 00:18:12

Health: -2/52      AC:  2    Str:  7    XL:     8   Next: 11%
Gold:   347        EV: 12    Int: 20    God:
                   SH:  0    Dex: 13

rFire   + + .      SeeInvis .   b - +0 trident
rCold   x . .      Faith    .   (no shield)
rNeg    . . .      Spirit   .   a - +0 robe
rPois   ∞          Reflect  .   (no helmet)
rElec   .          Harm     .   k - scarf {repulsion}
rCorr   .          Rampage  .   (no gloves)
Will    .....                   (boots unavailable)
Stlth   ++........              (no amulet)
HPRegen 0.17/turn               (no ring)
MPRegen 0.00/turn               (no ring)

@: flying, repel missiles
A: sickness immunity, fire resistance 2, cold vulnerability 1, float, innate
caster, HP casting, extra vitality 1
a: no special abilities


You were on level 6 of the Dungeon.
You visited 1 branch of the dungeon, and saw 6 of its levels.

You collected 347 gold pieces.

Inventory:

Hand Weapons
 b - a +0 trident (weapon)
 n - a +0 flail of protection
 r - a +0 spear of venom
Missiles
 c - 12 poisoned darts
 e - 6 datura-tipped darts
 l - 2 throwing nets
Armour
 a - a +0 robe (worn)
 k - a scarf of repulsion (worn)
 s - a +0 leather armour
Wands
 z - a wand of flame (16)
Scrolls
 f - 3 scrolls of teleportation {unknown}
 g - a scroll of magic mapping {unknown}
 j - a scroll of vulnerability {unknown}
 m - 5 scrolls of identify {unknown}
 w - a scroll of poison {unknown}
 x - a scroll of fear {unknown}
 y - a scroll of blinking {unknown}
 A - a scroll of immolation {unknown}
Potions
 d - 2 potions of attraction {unknown}
 h - a potion of degeneration {unknown}
 i - a potion of lignification {unknown}
 o - a potion of invisibility {unknown}
 p - 2 potions of flight {unknown}
 q - 2 potions of curing {unknown}
 t - a potion of might {unknown}
 u - 2 potions of resistance {unknown}
 v - 2 potions of berserk rage {unknown}


   Skills:
 + Level 1.6 Fighting
 + Level 3.0 Dodging
 + Level 3.5 Stealth
 + Level 6.0 Spellcasting


You had one spell level left.
You knew the following spells:

 Your Spells              Type           Power      Damage    Failure   Level
a - Foxfire               Conj/Fire      100%       2x1d9     1%          1
b - Scorch                Fire           60%        2d8       1%          2
c - Conjure Flame         Conj/Fire      30%        6-21      2%          3
d - Inner Flame           Hex/Fire       30%        N/A       2%          3
e - Flame Wave            Conj/Fire      30%        2d9       9%          4
f - Freeze                Ice            100%       1d11      1%          1
g - Ensorcelled Hibernat  Hex/Ice        60%        N/A       1%          2
h - Static Discharge      Conj/Air       30%        3-7/arc   1%          2
Your spell library was empty.

Dungeon Overview and Level Annotations

Branches:
Dungeon (6/15)             Temple (0/1) D:6

Altars:
Hepliaklqana
Trog
The Shining One

Annotations:
D:6 exclusion: oklob sapling


Innate Abilities, Weirdness & Mutations

You are immune to sickness and miasma.
You are immune to poison.
Your flesh is very heat resistant. (rF++)
You are vulnerable to cold. (rC-)
You float through the air rather than walking.
You learn spells naturally, not from books.
Your magical power is your life essence.
You have superior vitality. (+4 MHP)


Message History

Your foxfire dissipates!
You conjure some foxfire!
You conjure some foxfire!
Your foxfire dissipates!
You conjure some foxfire!
You conjure some foxfire!
You miscast Foxfire.
You are very lightly contaminated with residual magic.
Nothing appears to happen.
Your foxfire dissipates!
Found 8 stones.
You start resting.
Your magical contamination has completely faded away.
You start resting.
HP restored.
Casting: Foxfire (safe; 1% risk of failure)
Confirm with . or Enter, or press ? or * to list all spells.
You can't see any susceptible monsters within range! (Use Z to cast anyway.) Unknown command.
Your +0 flail of protection goes still.
b - a +0 trident (weapon)
Really fly into a travel-excluded area?
You puncture the plant!
The plant begins to die.
The plant is lightly damaged.
You hit the plant.
The plant is lightly damaged.
A nearby plant withers and dies.
You hit the plant.
The plant begins to die.
The plant is lightly damaged.
You hit the plant.
The plant is lightly damaged.
You hit the plant.
The plant is lightly damaged.
A nearby plant withers and dies.
The oklob sapling spits acid at you. The splash of acid hits you!!
Ouch! That really hurt!
The oklob sapling spits acid at you. The splash of acid hits you!!
You die...

#.(..§...#
#.....[..#
#........# # .
#........# .#
#....>...# #.##
####.#####.....
#.#####.....
#.#..P......
#@...PPP.P..
#.#..P.PP...
#.#PPP>.P...
#.#PPPP.PP..
#.#(P.PPP...
#....PP..P..
######.....#
######


You could see an oklob sapling.

Vanquished Creatures
  A sky beast (D:6)
  An ogre (D:4)
  2 howler monkeys
  3 jellies
  3 hounds
  3 iguanas
  2 orc wizards
  7 adders
  6 gnolls
  3 dart slugs
  16 orcs
  7 ball pythons
  3 endoplasms
  6 giant cockroaches
  11 hobgoblins
  2 jackals (D:4)
  4 kobolds
  2 quokkas
  6 bats
  2 frilled lizards (D:1)
  7 rats
97 creatures vanquished.

Vanquished Creatures (collateral kills)
  8 foxfires (D:6)
8 creatures vanquished.

Vanquished Creatures (others)
  442 foxfires
  2 plants (D:6)
444 creatures vanquished.

Grand Total: 549 creatures vanquished

Notes
Turn   | Place    | Note
-------+----------+-------------------------------------------
     0 | D:1      | unlimited1921 the Djinni Fire Elementalist began the quest
                  | for the Orb.
     0 | D:1      | unlimited1921 set off with the following spells memorised:
                  | Foxfire, Scorch, Conjure Flame, Inner Flame, Flame Wave.
     0 | D:1      | Reached XP level 1. HP: 15/15 MP: 0/0
   540 | D:1      | Reached XP level 2. HP: 19/21 MP: 0/0
  2211 | D:1      | Reached skill level 3 in Spellcasting
  2578 | D:2      | Reached XP level 3. HP: 22/25 MP: 0/0
  2578 | D:2      | Learned a level 1 spell: Freeze
  3457 | D:2      | Found a faded altar of an unknown god.
  3723 | D:2      | Reached XP level 4. HP: 26/31 MP: 0/0
  4132 | D:2      | Found a glowing golden altar of the Shining One.
  4909 | D:3      | Found a bloodstained altar of Trog.
  5724 | D:3      | Reached XP level 5. HP: 33/35 MP: 0/0
  5724 | D:3      | Learned a level 2 spell: Ensorcelled Hibernation
  7384 | D:3      | Reached skill level 4 in Spellcasting
  7384 | D:3      | Reached XP level 6. HP: 16/40 MP: 0/0
  8152 | D:5      | Entered Level 5 of the Dungeon
  8710 | D:5      | Found a hazy altar of Hepliaklqana.
  8750 | D:5      | Reached skill level 5 in Spellcasting
  8750 | D:5      | Reached XP level 7. HP: 38/45 MP: 0/0
  8750 | D:5      | Learned a level 2 spell: Static Discharge
  9465 | D:4      | Reached skill level 1 in Fighting
 10621 | D:6      | Reached XP level 8. HP: 47/52 MP: 0/0
 10856 | D:6      | Reached skill level 6 in Spellcasting
 11079 | D:6      | Found a staircase to the Ecumenical Temple.
 11155 | D:6      | Killed from afar by an oklob sapling

Illustrated notes

Levels and vault maps discovered:
D:1:      dpeg_arrival_pond, layout_loops_cross
D:2:      layout_loops_ring, shapermc_ecumenical_altar_totnotflames, basic_altar
D:3:      layout_loops_corners, mainiacjoe_overflow_concentric_impassable,
          mainiacjoe_overflow_six_doors_small, serial_glass, glass_columns_a,
          glass_columns_b, minmay_statues_item, minmay_stone_trees_small
D:4:      layout_layer_cave, skrybe_limestone_x
D:5:      layout_rooms, chequers_temple_overflow_statue_of_worship
D:6:      layout_rooms, nicolae_ru_sacrificial_ziggurat, kennysheep_mini_moat,
          minmay_temple_entry_oklob

Skill      XL: |  1  2  3  4  5  6  7  8 |
---------------+-------------------------+-----
Spellcasting   | 3 4 5 6 |  6.0
Stealth        | 2 3 |  3.5
Dodging        | 3 |  3.0
Fighting       | 1 |  1.6

Action                   |  1- 3 |  4- 6 |  7- 9 || total
-------------------------+-------+-------+-------++-------
Melee: Trident           |     3 |       |     5 ||     8
 Cast: Foxfire           |    70 |   135 |    92 ||   297
       Scorch            |     4 |     7 |     8 ||    19
       Inner Flame       |       |     1 |     2 ||     3
       Ensorcelled Hiber |       |     2 |       ||     2
       Freeze            |       |     1 |       ||     1
       Flame Wave        |       |     1 |       ||     1
 Stab: Sleeping          |     2 |       |       ||     2
Armor: Robe              |     3 |     1 |       ||     4
Dodge: Dodged            |     8 |    16 |       ||    24
